 Dungeon Crawl Stone Soup version 0.26-a0-774-g1415c89e12 (webtiles) character file.

Game seed: 13943848982568063266

231 Kinoniko the Chopper (level 5, 0/47 HPs)
             Began as a Draconian Monk on Nov 9, 2020.
             Succumbed to Crazy Yiuf's poison
             ... on level 3 of the Dungeon.
             The game lasted 00:03:03 (3524 turns).

Kinoniko the Chopper (Draconian Monk)               Turns: 3524, Time: 00:03:03

Health: 0/47       AC:  5    Str: 13 (14) XL:     5   Next: 72%
Magic:  2/5        EV: 13    Int:  7 (10) God:
Gold:   109        SH:  0    Dex: 13 (14) Spells: 4/4 levels left

rFire    . . .     SeeInvis .   n - +4 mace (holy)
rCold    . . .     Faith    .   (no shield)
rNeg     . . .     Spirit   +   (armour unavailable)
rPois    .         Reflect  .   (helmet restricted)
rElec    .         Harm     .   (no cloak)
rCorr    .         Rampage  .   (no gloves)
MR       +....                  (no boots)
Stlth    ++........             q - amulet of guardian spirit
HPRegen  0.15/turn              b - ring of protection from magic
MPRegen  0.09/turn              (no ring)

@: mighty, lethally poisoned (0 -> -23), very slightly contaminated, lightly
drained, invisible
A: unfitting armour, antennae 1, wild magic 1, cold-blooded, AC +5
a: no special abilities


You were on level 3 of the Dungeon.
You visited 1 branch of the dungeon, and saw 3 of its levels.

You collected 109 gold pieces.

Inventory:

Hand Weapons
 a - a +0 hand axe
 n - a +4 mace of holy wrath (weapon)
Jewellery
 b - a ring of protection from magic (left hand)
 q - an amulet of guardian spirit (around neck)
Scrolls
 d - a scroll of teleportation {unknown}
 e - 2 scrolls of remove curse
 g - a scroll of identify
 h - a scroll of fear {unknown}
 i - 2 scrolls of fog {unknown}
 k - a scroll of enchant armour {unknown}
 l - 4 scrolls of immolation {unknown}
Potions
 c - a potion of degeneration
 o - a potion of haste
 p - a potion of berserk rage {unknown}
 r - a potion of flight {unknown}


   Skills:
 + Level 4.5(4.4) Fighting
 - Level 4.6 Axes
 * Level 1.7(3.3) Maces & Flails
 + Level 3.7(3.6) Dodging
 - Level 1.7(1.6) Stealth


You had 4 spell levels left.
You didn't know any spells.
Your spell library was empty.

Dungeon Overview and Level Annotations

Branches:
Dungeon (3/15)

Altars:
Wu Jian


Innate Abilities, Weirdness & Mutations

Your plain brown scales are hard. (AC +5)
You cannot fit into any form of body armour.
You are cold-blooded and may be slowed by cold attacks.
You have a pair of small antennae on your head.
Your spells are a little harder to cast, but a little more powerful.


Message History

Crazy Yiuf completely misses you.
It was a potion of degeneration.
There was something very wrong with that liquid.
You feel weakened.
You feel dopey.
You feel clumsy.
* * * LOW HITPOINT WARNING * * *
You feel sick.
Crazy Yiuf whimpers, "Defame!
Pitchfork high shoe."
Crazy Yiuf barely misses you.
It was a potion of might.
You feel very mighty all of a sudden.
* * * LOW HITPOINT WARNING * * *
You feel sick. Crazy Yiuf barely misses you.
Crazy Yiuf hits you with a +3 quarterstaff of chaos.
* * * LOW HITPOINT WARNING * * *
You feel drained.
* * * LOW HITPOINT WARNING * * *
Okay, then.
You bludgeon Crazy Yiuf!!
You kill Crazy Yiuf!
You die...

#.# #.#
#..#..# #.#
#.# ##.#..#
#.# #.#
#....# #.#
#.# #....#
#.# #.#
#....### #.#
#.# #.#.)...
##.# #.#
#####
#.#..###
...# ###
#.))# #.##.#
#### #.@.#
#.##.# #...#
#.##.##
##'##
#.##..# ##.#
#.##.[##
##### #.##
#.##...#
....# ##.#
#####.......
###.# #.##
#....###.#.#
..#.# ##.##
####.# #.#..
.<#.# #...##
#.# #....


There were no monsters in sight!

Vanquished Creatures
  Crazy Yiuf (D:3)
  A bullfrog skeleton (D:2)
  Terence (D:3)
  An orc wizard (D:3)
  Robin (D:2)
  4 adders
  A worm (D:2)
  2 leopard geckos
  6 orcs (D:3)
  A ball python (D:1)
  6 bats
  6 giant cockroaches
  15 goblins
  6 hobgoblins
  4 kobolds
  A quokka (D:2)
  A frilled lizard (D:3)
  7 rats
65 creatures vanquished.

Notes
Turn   | Place    | Note
-------+----------+-------------------------------------------
     0 | D:1      | Kinoniko the Draconian Monk began the quest for the Orb.
     0 | D:1      | Reached XP level 1. HP: 19/19 MP: 1/1
   277 | D:1      | Reached XP level 2. HP: 13/26 MP: 2/2
   783 | D:2      | Found a faded altar of an unknown god.
   811 | D:2      | Reached XP level 3. HP: 22/33 MP: 3/3
  1498 | D:2      | Noticed Robin
  1515 | D:2      | Killed Robin
  1515 | D:2      | Reached XP level 4. HP: 12/40 MP: 4/4
  1945 | D:3      | Found a runed translucent door.
  1946 | D:3      | Noticed Crazy Yiuf
  2434 | D:3      | Noticed Terence
  2448 | D:3      | Killed Terence
  2448 | D:3      | Reached XP level 5. HP: 38/46 MP: 5/5
  2745 | D:3      | Reached skill level 1 in Maces & Flails
  2847 | D:3      | Found an ornate altar of the Wu Jian Council.
  3521 | D:3      | Gained mutation: You have a pair of small antennae on your
                  | head. [potion of mutation]
  3521 | D:3      | Gained mutation: Your spells are a little harder to cast,
                  | but a little more powerful. [potion of mutation]
  3524 | D:3      | Killed Crazy Yiuf
  3524 | D:3      | Succumbed to Crazy Yiuf's poison

Illustrated notes

Levels and vault maps discovered:
D:1:      dpeg_arrival_pits, layout_rooms, patterned_corridor
D:2:      layout_basic, chequers_ecumenical_altar_island, uniq_robin
D:3:      layout_basic, lemuel_round_altar, uniq_terence,
          uniq_crazy_yiuf_cottage

Skill      XL: |  1  2  3  4  5 |
---------------+----------------+-----
Dodging        | 3 |  3.7
Axes           | 4 |  4.6
Fighting       | 4 |  4.5
Maces & Flails | 1 |  1.7
Stealth        | |  1.7

Action                   |  1- 3 |  4- 6 || total
-------------------------+-------+-------++-------
Melee: Hand axe          |    88 |    55 ||   143
       Tailslap          |    10 |    10 ||    20
       Mace              |       |    58 ||    58
  Use: Potion            |       |     4 ||     4
       Scroll            |       |     2 ||     2
 Stab: Sleeping          |     3 |     6 ||     9
Armor: Skin              |    34 |    21 ||    55
Dodge: Dodged            |    77 |    78 ||   155

Table legend: (Time is in decaauts)
 A = Elapsed time spent in this place.
 B = Non-inter-level travel time spent in this place.
 C = Inter-level travel time spent in this place.
 D = Time resting spent in this place.
 E = Time spent auto-exploring this place.
 F = Levels seen in this place.
 G = Mean time per level.
                   A        B        C        D        E       F      G
               +--------+--------+--------+--------+--------+-----+--------+
         Total |   3557 |   3515 |     42 |    842 |   2201 |   3 | 1185.7 |
       Dungeon |   3557 |   3515 |     42 |    842 |   2201 |   3 | 1185.7 |
               +--------+--------+--------+--------+--------+-----+--------+

Top non-repeatable levels by time:
     D:3: 1705 daAuts
     D:2: 1089 daAuts
     D:1: 762 daAuts
